 Dungeon Crawl Stone Soup version 0.30.1-1-g62c8e00024 (webtiles) character file.

Game seed: 13660940355446019702

1692697 CrazyBamboolord the Axe Maniac (level 27, 61/274 HPs)
             Began as a Naga Fighter on July 12, 2023.
             Was the Champion of Cheibriados.
             Escaped with the Orb
             ... and 3 runes on July 15, 2023!
             The game lasted 02:46:59 (67878 turns).

CrazyBamboolord the Axe Maniac (Naga Fighter)      Turns: 67878, Time: 02:46:59

Health: 61/274     AC: 54    Str: 52    XL:     27
Magic:  36/36      EV: 18    Int: 28    God:    Cheibriados [******]
Gold:   6044       SH: 22    Dex: 34    Spells: 26/26 levels left

rFire   + + +        g - +5 broad axe (flame)
rCold   + . .        t - +4 kite shield {reflect}
rNeg    + . .        v - +7 plate armour {ponderous}
rPois   +            (no helmet)
rElec   +            s - +4 dragonskin cloak
rCorr   +            l - +2 pair of gloves
SInv    +            j - +4 barding
Will    +++..        C - macabre finger necklace {Finger+ rN+} Stlth
                     b - ring of Bifutz {*Slow rC+ rCorr Int+4}
HPRegen 0.65/turn    a - ring of Joafips {rF+ rC+}
MPRegen 0.25/turn    c - ring "Qoyvvops" {*Slow rElec Str+6 Dex+7}

%: random rage (3%), slow self (2%), reflection
@: slowed, very slow
A: AC +9, large, see invisible, deformed body, poison resistance, slowness 2,
spit poison 1, naga tail 2, iridescent scales 1, berserk 1, fire resistance 2,
cold vulnerability 1, MP-powered wands
0: Orb of Zot
}: 3/15 runes: serpentine, barnacled, silver
a: Spit Poison, Renounce Religion, Bend Time, Temporal Distortion, Slouch, Step
From Time


You escaped.
You worshipped Cheibriados.
Cheibriados was exalted by your worship.
You visited 10 branches of the dungeon, and saw 48 of its levels.
You also visited: Trove, Sewer, Bailey, Ice Cave, Volcano and Wizlab.

You collected 10617 gold pieces.
You spent 4573 gold pieces at shops.

Inventory:

Hand Weapons
 g - a +5 broad axe of flaming (weapon)
Missiles
 B - 11 throwing nets
Armour
 j - a +4 barding (worn)
 l - a +2 pair of gloves (worn)
 s - the +4 dragonskin cloak (worn)
   (You took it off Tiamat on level 4 of the Realm of Zot)

   Avatar's Aegis: It grants the wearer a chance to resist fire, cold, poison,
   electricity, acid, and negative energy.
 t - a +4 kite shield of reflection (worn)
 v - a +7 plate armour of ponderousness (worn)
 Q - a +2 helmet
 Y - the +2 cloak of the Thief {*Fog Slay-2 SInv Stlth+}
   (You found it in a volcano)

   *Fog:      It may release a thick cloud of smoke when the wearer is hurt.
   Slay:      It affects your accuracy & damage with ranged weapons and melee
   (-2).
   SInv:      It lets you see invisible.
   Stlth:     It makes you more stealthy.
Jewellery
 a - the ring of Joafips (right hand) {rF+ rC+}
   (You bought it in a shop on level 1 of the Snake Pit)

   [ring of protection from cold]

   rF:        It protects you from fire.
   rC:        It protects you from cold.
 b - the ring of Bifutz (left hand) {*Slow rC+ rCorr Int+4}
   (You took it off an ironbound preserver on level 5 of the Vaults)

   [ring of resist corrosion]

   Int:       It affects your intelligence (+4).
   rC:        It protects you from cold.
   rCorr:     It protects you from acid and corrosion.
   *Slow:     It may slow you when you take damage.
 c - the ring "Qoyvvops" (on amulet) {*Slow rElec Str+6 Dex+7}
   (You took it off a deep elf death mage on level 3 of the Elven Halls)

   [ring of strength]

   Str:       It affects your strength (+6).
   Dex:       It affects your dexterity (+7).
   rElec:     It insulates you from electricity.
   *Slow:     It may slow you when you take damage.
 d - the ring of the Firefly {Fly rF+ Str+5}
   (You found it on level 2 of the Shoals)

   [ring of protection from fire]

   Str:       It affects your strength (+5).
   rF:        It protects you from fire.
   Fly:       It grants you flight.
 e - a ring of flight
 u - the ring "Cibb" {Will+ Str+2}
   (You found it in a treasure trove)

   [ring of willpower]

   Str:       It affects your strength (+2).
   Will:      It increases your willpower.
 C - the macabre finger necklace (around neck) {Finger+ rN+}
   (You bought it in a shop on level 1 of the Vaults)

   [amulet of nothing]

   Finger+:   It enables you to equip an extra ring.
   rN:        It protects you from negative energy.
 G - the ring of Vehumet's Approval {Contam rPois rC+ Will+ SInv}
   (You found it in a treasure trove)

   [ring of see invisible]

   rC:        It protects you from cold.
   rPois:     It protects you from poison.
   SInv:      It lets you see invisible.
   Contam:    It causes magical contamination when unequipped.
   Will:      It increases your willpower.
 S - the amulet of the Philosopher {Reflect rElec rF+++ Int-5 Slay+4 SH+5}
   (You found it in a treasure trove)

   [amulet of reflection]

   It reflects blocked missile attacks.
   Int:       It affects your intelligence (-5).
   Slay:      It affects your accuracy & damage with ranged weapons and melee
   (+4).
   rF:        It renders you almost immune to fire.
   rElec:     It insulates you from electricity.
   SH:        It affects your SH (+5).
 U - the amulet of Vitality {RegenMP++ Regen++}
   (You found it in a treasure trove)

   [amulet of magic regeneration]

   It increases your rate of magic regeneration.
   Regen:     It increases your rate of health regeneration.
Wands
 k - a wand of roots (44)
 p - a wand of mindburst (11)
 w - a wand of flame (12)
 D - a wand of charming (59)
 H - a wand of digging (21) (quivered)
 R - a wand of acid (53)
Scrolls
 i - 8 scrolls of fear
 m - 7 scrolls of blinking
 q - 27 scrolls of teleportation
 A - 7 scrolls of butterflies
 F - 11 scrolls of poison
 T - 3 scrolls of silence
 W - 2 scrolls of fog
 Z - 3 scrolls of magic mapping
Potions
 f - 29 potions of curing
 h - 14 potions of lignification
 n - 22 potions of attraction
 o - 6 potions of magic
 r - 9 potions of berserk rage
 E - 11 potions of ambrosia
 I - a potion of resistance
 J - 13 potions of flight
 L - 3 potions of cancellation
 M - a potion of heal wounds
 O - 12 potions of might
 P - 5 potions of invisibility
Miscellaneous
 z - a lightning rod (4/4)
 X - a phantom mirror


   Skills:
 * Level 21.5 Fighting
 O Level 27 Axes
 * Level 21.1 Armour
 * Level 12.3 Dodging
 - Level 17.9 Shields
 - Level 19.4 Invocations


You had 26 spell levels left.
You didn't know any spells.
Your spell library contained the following spells:

 Spells                   Type           Power      Damage    Failure   Level
 Apportation              Tloc           0%         N/A       28%         1
 Beastly Appendage        Tmut           0%         N/A       28%         1
 Foxfire                  Conj/Fire      0%         2x1d4     28%         1
 Kiss of Death            Conj/Necr      0%         2d5       28%         1
 Magic Dart               Conj           0%         1d3       28%         1
 Necrotise                Necr           0%         1d4       28%         1
 Sandblast                Erth           0%         2d4       28%         1
 Shock                    Conj/Air       0%         1d3       28%         1
 Slow                     Hex            0%         N/A       28%         1
 Sting                    Tmut/Pois      0%         1d3       28%         1
 Summon Small Mammal      Summ           0%         N/A       28%         1
 Call Imp                 Summ           0%         N/A       41%         2
 Cigotuvi's Dreadful Rot  Necr/Pois/Air  0%         N/A       41%         2
 Lesser Beckoning         Tloc           0%         N/A       41%         2
 Passwall                 Tmut/Erth      0%         N/A       41%         2
 Poisonous Vapours        Pois/Air       0%         N/A       41%         2
 Scorch                   Fire           0%         2d5       41%         2
 Static Discharge         Conj/Air       0%         2-2/arc   41%         2
 Wereblood                Tmut           0%         N/A       41%         2
 Confusing Touch          Hex            0%         N/A       65%         3
 Ignite Poison            Fire/Tmut/Pois 0%         N/A       65%         3
 Inner Flame              Hex/Fire       0%         N/A       65%         3
 Mephitic Cloud           Conj/Pois/Air  0%         N/A       65%         3
 Portal Projectile        Hex/Tloc       0%         N/A       65%         3
 Spider Form              Tmut/Pois      0%         N/A       65%         3
 Stone Arrow              Conj/Erth      0%         3d7       65%         3
 Summon Guardian Golem    Hex/Summ       0%         N/A       65%         3
 Tukima's Dance           Hex            0%         N/A       65%         3
 Vampiric Draining        Necr           0%         2d6       65%         3
 Vhi's Electric Charge    Tloc/Air       0%         N/A       65%         3
 Volatile Blastmotes      Fire/Tloc      0%         2d10      65%         3
 Airstrike                Air            0%         2d(0-16)  96%         4
 Animate Armour           Summ/Erth      0%         N/A       96%         4
 Dispel Undead            Necr           0%         3d6       96%         4
 Flame Wave               Conj/Fire      0%         2d4       96%         4
 Fulminant Prism          Conj/Hex       0%         3d5       96%         4
 Iskenderun's Mystic Bla  Conj/Tloc      0%         2d3       96%         4
 Leda's Liquefaction      Hex/Erth       0%         N/A       96%         4
 Manifold Assault         Tloc           0%         N/A       96%         4
 Olgreb's Toxic Radiance  Pois           0%         N/A       96%         4
 Passage of Golubria      Tloc           0%         N/A       96%         4
 Sticky Flame             Conj/Fire      0%         2d3       96%         4
 Summon Ice Beast         Ice/Summ       0%         N/A       96%         4
 Summon Lightning Spire   Summ/Air       0%         N/A       96%         4
 Alistair's Intoxication  Tmut/Pois      0%         N/A       100%        5
 Arcjolt                  Conj/Air       0%         1d10      100%        5
 Blade Hands              Tmut           0%         N/A       100%        5
 Borgnjor's Vile Clutch   Necr/Erth      0%         N/A       100%        5
 Fireball                 Conj/Fire      0%         3d3       100%        5
 Freezing Cloud           Conj/Ice/Air   0%         6-21      100%        5
 Irradiate                Conj/Tmut      0%         3d11      100%        5
 Lee's Rapid Deconstruct  Erth           0%         3d4*      100%        5
 Summon Mana Viper        Hex/Summ       0%         N/A       100%        5
 Yara's Violent Unravell  Hex/Tmut       0%         3d3       100%        5
 Dispersal                Tloc           0%         N/A       100%        6
 Iron Shot                Conj/Erth      0%         9d1       100%        6
 Plasma Beam              Fire/Air       0%         2x1d11    100%        6
 Starburst                Conj/Fire      0%         6d3       100%        6
 Statue Form              Tmut/Erth      0%         N/A       100%        6
 Summon Cactus Giant      Summ           0%         N/A       100%        6
 Dragon Form              Tmut           0%         N/A       100%        7
 Enfeeble                 Hex            0%         N/A       100%        7
 Monstrous Menagerie      Summ           0%         N/A       100%        7
 Disjunction              Tloc           0%         N/A       100%        8
 Lehudib's Crystal Spear  Conj/Erth      0%         10d2      100%        8
 Necromutation            Tmut/Necr      0%         N/A       100%        8


Dungeon Overview and Level Annotations

Branches:
Dungeon (15/15)            Temple (1/1) D:4            Lair (5/5) D:11
 Shoals (4/4) Lair:2        Snake (4/4) Lair:3        Slime (0/5) Lair:4
    Orc (2/2) D:10            Elf (3/3) Orc:2        Vaults (5/5) D:14
  Crypt (0/3) Vaults:3     Depths (4/4) D:15            Zot (5/5) Depths:4
  Sewer (visited)          Bailey (visited)           IceCv (visited)
Volcano (visited)          WizLab (visited)

Altars:
Ashenzari
Cheibriados
Dithmenos
Elyvilon
Fedhas
Gozag
Hepliaklqana
Kikubaaqudgha
Makhleb
Nemelex Xobeh
Okawaru
Qazlal
Ru
Sif Muna
Trog
Uskayaw
Vehumet
Wu Jian
Xom
Yredelemnul
Zin
The Shining One

Shops:
D:7 ?   D:9 ?*[*   Orc:1 [   Orc:2 !?!?*   Elf:1 [   Shoals:1 [   Shoals:3 *
Snake:1 ==::   Snake:4 !!   Vaults:1 *   Vaults:2 :   Vaults:3 *   Depths:4 *

Portals:
Hell: Depths:1 Depths:2 Depths:3 Depths:4
Abyss: Depths:1 Depths:3
Pandemonium: Depths:2
Ziggurat: Depths:3

Annotations:
Vaults:1 3 runed translucent doors, Tang's ghost, master DsGl
Depths:3 3 exclusions
Zot:1 4 transporters


Innate Abilities, Weirdness & Mutations

Your serpentine skin is tough. (AC +9)
You have supernaturally acute eyesight. (SInv)
Armour fits poorly on your strangely shaped body.
Your system is resistant to poisons. (rPois)
You cover ground very slowly.
You can spit poison.
You can use your snake-like lower body to constrict enemies.
You are partially covered in iridescent scales. (AC +2)
You sometimes lose your temper in combat.
Your flesh is very heat resistant. (rF++)
You are vulnerable to cold. (rC-)
You expend magic power (3 MP) to strengthen your wands.


Message History

Your grab misses the Ice Fiend.
The Ice Fiend is lightly wounded.
The Ice Fiend calls on the powers of darkness!
Your body is wracked with pain!
You barely miss the Ice Fiend. You grab the Ice Fiend.
The Ice Fiend is lightly wounded.
You constrict the Ice Fiend, but do no damage.
The Ice Fiend claws you!
You feel yourself slow down. The Ice Fiend freezes you! You resist.
The Ice Fiend closely misses you.
You are too injured to fight recklessly!
Unknown command.
You are too injured to fight recklessly!
Unknown command.
You are too injured to fight recklessly!
Unknown command.
You are too injured to fight recklessly!
Unknown command.
You are too injured to fight recklessly!
Unknown command.
You release your grip on the Ice Fiend.
The Ice Fiend claws you but does no damage.
You block the Ice Fiend's attack. The Ice Fiend gestures at you.
The bolt of cold hits you! You resist.
The Ice Fiend calls on the powers of darkness!
Your body is wracked with pain!
* * * LOW HITPOINT WARNING * * *
The Ice Fiend attacks as you move away! You block the Ice Fiend's attack.
The Ice Fiend closely misses you. The Ice Fiend gestures at you.
The bolt of cold misses you. You block the Ice Fiend's attack.
The Ice Fiend completely misses you. The Ice Fiend gestures at you.
The bolt of cold hits you! You resist.
* * * LOW HITPOINT WARNING * * *
You block the Ice Fiend's attack.
The Ice Fiend claws you but does no damage.
There is a staircase leading out of the dungeon here.
The Ice Fiend claws you but does no damage. x2
You have escaped!

....# #.# ##.#.##...###..###.
....# #.# #.#.########......
#.#.# #.# #.#..............#
..#.######.# #.##########.#####
#.#........# #.................
#..######### ###.####...#......
#.#..###.# #####..# ###.#.#......
#.##..##.###......##.##.#.#......
#.#........##(..@.....#.#.#......
#.###...........1.......#.#......
..# ###.......#....)###.#.#......
.## ##...........####.#.#......
.### #####.........##.#.#......
.#.## #........###.#.#......
.#..# ####......##.#.#......
....### ####....#...#......
.#....####### ####.#.###......


You could see an Ice Fiend.

Vanquished Creatures
  3 dread liches
  8 orbs of fire
  An ancient lich (Vaults:5)
  Tiamat (Zot:4)
  Mara (Depths:3)
  2 juggernauts
  Sojobo (Vaults:3)
  Boris (thrice) (Vaults:4 Zot:2)
  Margery (Vaults:2)
  Parghit (Zot:1)
  8 Killer Klowns (Zot:5)
  4 curse toes
  A profane servitor (D:1)
  8 golden dragons
  2 doom hounds (Zot:3)
  A Brimstone Fiend (D:15)
  6 electric golems
  A Hell Sentinel (D:8)
  21 tentacled monstrosities
  A lich (Depths:2)
  32 Orb Guardians
  Rupert (D:12)
  2 Ice Fiends
  Grunn (Zot:3)
  2 deep elf blademasters (Elf:3)
  The ghost of Calamarain the Minotaur Blade, an adept MiFi of Ru (Shoals:4)
  7 quicksilver dragons
  7 titans
  2 deep elf master archers (Elf:3)
  7 death cobs
  Gastronok (D:8)
  Polyphemus (Shoals:4)
  6 sphinxes
  13 storm dragons
  9 tengu reavers
  10 shadow dragons
  8 draconian monks
  3 nagarajas
  Roxanne (Shoals:4)
  6 draconian knights
  Ilsuiw (Shoals:4)
  7 frost giants
  4 draconian scorchers
  3 deep elf sorcerers (Elf:3)
  4 iron dragons
  8 fire giants
  18 vault wardens
  7 ghost moths
  4 deep elf elementalists (Elf:3)
  An orc warlord (Orc:2)
  3 balrugs
  Aizul (Snake:1)
  A reaper (Depths:4)
  5 draconian stormcallers
  An angel (D:14)
  4 draconian shifters
  3 war gargoyles
  20 ironbound preservers
  A cacodemon (D:1)
  9 draconian annihilators
  26 very ugly things
  16 ironbound thunderhulks
  18 stone giants
  A spriggan defender (Depths:4)
  Nessos (D:14)
  8 deep elf demonologists
  A vampire knight (Depths:3)
  10 black draconians
  12 green draconians
  Azrael (D:15)
  5 deep elf annihilators
  9 purple draconians
  14 yellow draconians
  11 red draconians
  14 dire elephants
  6 spark wasps
  14 white draconians
  A lorocyproca (Depths:4)
  5 deep elf death magi
  Snorg (Lair:4)
  An eidolon (Vaults:3)
  15 ettins
  5 great orbs of eyes
  10 merfolk javelineers
  2 crystal guardians (WizLab)
  4 deep elf high priests
  8 merfolk impalers
  10 fire dragons
  17 yaktaur captains
  10 hydras
  The ghost of mys the Geomancer, a journeyman GrEE of Ru (D:13)
  2 ogre magi
  4 ice dragons
  2 entropy weavers
  8 peacekeepers
  A rakshasa (Depths:1)
  31 vault guards
  A hell beast (D:1)
  6 salamander tyrants
  5 catoblepae
  A spriggan air mage (Depths:4)
  11 anacondas
  7 merfolk avatars
  A caustic shrike simulacrum (IceCv)
  Erica (Lair:1)
  5 ironbound frosthearts
  A radroach (shapeshifter) (Depths:3)
  A death knight (D:13)
  30 dancing weapons
  9 two-headed ogres
  5 boulder beetles
  10 merfolk aquamancers
  A satyr (Shoals:4)
  9 death yaks
  18 centaur warriors
  13 naga warriors
  9 shock serpents
  3 tengu warriors
  5 orc high priests
  11 naga sharpshooters
  Urug (Lair:5)
  8 deep troll shamans
  13 deep troll earth magi
  11 deep elf knights
  3 spriggan berserkers (Depths:4)
  A soul eater (D:1)
  11 iron trolls
  5 sun demons
  12 hell knights
  Amaemon (D:10)
  6 skeletal warriors
  3 skysharks
  2 fire crabs (D:12)
  2 salamander mystics
  2 golden dragon zombies (Vaults:5)
  2 flayed ghosts (Depths:1)
  4 naga ritualists
  A death drake (shapeshifter) (Vaults:5)
  18 sea snakes
  66 deep trolls
  23 ironbound convokers
  10 spriggan simulacra (IceCv)
  9 phantasmal warriors
  6 lindwurms
  A bog body (IceCv)
  7 wizards
  A glowing orange brain (Vaults:1)
  A lindwurm (shapeshifter) (Vaults:5)
  6 deep elf archers
  2 obsidian statues
  24 deep elf pyromancers
  22 harpies
  6 orc knights
  A frost giant zombie (Vaults:5)
  6 mana vipers
  29 deep elf zephyrmancers
  7 necromancers
  6 orc sorcerers
  4 fauns
  15 salamanders
  51 ugly things
  10 cyclopes
  A salamander (shapeshifter) (Elf:1)
  13 manticores
  24 moths of wrath
  Maurice (Orc:2)
  A manticore (shapeshifter) (Depths:3)
  A spectral centaur (D:13)
  17 vault sentinels
  8 merfolk sirens
  3 elephants (Lair:5)
  42 black mambas
  7 guardian serpents
  An eye of devastation (shapeshifter) (Elf:3)
  5 orange demons
  4 smoke demons
  9 water nymphs
  A torpor snail (Lair:3)
  6 naga magi
  11 cane toads
  A cane toad (shapeshifter) (Elf:1)
  2 molten gargoyles (WizLab)
  9 gargoyles (WizLab)
  2 kobold demonologists
  An elf skeleton (Vaults:5)
  3 rime drakes
  5 freezing wraiths
  12 komodo dragons
  51 yaktaurs
  2 anaconda simulacra (IceCv)
  An efreet (D:14)
  A tengu conjurer (Depths:2)
  19 merfolk
  A queen bee (D:13)
  4 ice devils (IceCv)
  3 meliai (D:13)
  3 polar bears
  4 trolls
  7 wind drakes
  A hellwing (Depths:2)
  3 red devils
  2 guardian mummies (Elf:3)
  A wolf spider simulacrum (D:13)
  8 hornets
  11 blink frogs
  16 dream sheep
  2 flying skulls (Vaults:3)
  24 slime creatures
  7 snapping turtles
  6 air elementals
  2 centaur simulacra (D:13)
  A ynoxinul (Depths:4)
  30 water elementals
  3 wyverns
  A dire elephant simulacrum (IceCv)
  45 yaks
  5 spriggans (Depths:4)
  A slime creature (shapeshifter) (Vaults:5)
  A vampire (D:10)
  3 fire bats (Lair:4)
  5 basilisks
  8 fire elementals
  2 golden eyes (Depths:4)
  A hog (shapeshifter) (Vaults:5)
  3 wraiths
  6 steam dragons
  13 vampire mosquitoes
  13 redbacks
  3 minotaur simulacra (IceCv)
  3 wargs
  3 acid dragons
  28 nagas
  16 water moccasins
  A floating eye (shapeshifter) (D:15)
  A floating eye (Depths:1)
  2 ice beasts
  6 hell hounds
  A swamp drake (D:11)
  31 orc warriors
  6 black bears
  6 wolves (Lair:5)
  An alligator simulacrum (IceCv)
  8 ogres
  The ghost of McKennaii the Conjurer, an amateur DgCj (D:4)
  2 centaurs
  A phantom (D:5)
  5 kobold brigands
  3 earth elementals
  16 bullfrogs
  5 scorpions
  12 deep troll simulacra (IceCv)
  A hornet simulacrum (D:13)
  A lindwurm simulacrum (IceCv)
  13 howler monkeys
  35 killer bees
  4 electric eels (Snake:3)
  2 jellies
  A quasit (D:2)
  8 hounds
  21 orc priests
  3 gnoll boudas
  3 iguanas
  2 sleepcaps
  26 orc wizards
  2 lightning spires (WizLab)
  20 gnolls
  11 adders
  3 white imps
  An ufetubus (D:5)
  6 dart slugs
  97 orcs
  13 ball pythons
  11 bats
  12 endoplasms
  19 giant cockroaches
  11 goblins
  12 hobgoblins
  8 jackals
  21 kobolds
  8 quokkas
  14 frilled lizards
  4 rats
2251 creatures vanquished.

Vanquished Creatures (others)
  A shadow dragon (Vaults:5)
  A fire giant (WizLab)
  A ghost moth (Zot:5)
  A draconian shifter (Zot:2)
  A moth of wrath (Zot:4)
  2 slime creatures (D:14)
  2 kobold demonologists (D:12)
  A phantom (D:6)
  An orc priest (Orc:2)
11 creatures vanquished.

Grand Total: 2262 creatures vanquished

Notes
Turn   | Place    | Note
-------+----------+-------------------------------------------
     0 | D:1      | CrazyBamboolord the Naga Fighter began the quest for the
                  | Orb.
     0 | D:1      | Reached XP level 1. HP: 21/21 MP: 1/1
    49 | D:1      | Found a faded altar of an unknown god.
    63 | D:1      | Reached XP level 2. HP: 16/28 MP: 2/2
   445 | D:1      | Reached XP level 3. HP: 32/34 MP: 3/3
  1327 | D:2      | Reached XP level 4. HP: 42/42 MP: 4/4
  1612 | D:2      | Reached skill level 3 in Axes
  1775 | D:3      | Got Sif Muna's Volume of Poisonous Correspondence
  2021 | D:3      | Reached XP level 5. HP: 37/49 MP: 5/5
  2390 | D:4      | Reached skill level 4 in Axes
  2540 | D:4      | Reached XP level 6. HP: 27/57 MP: 6/6
  2642 | D:4      | Found an ornate altar of the Wu Jian Council.
  2646 | D:4      | Found an opulent altar of Gozag.
  2722 | D:4      | Found a runed translucent door.
  2726 | D:4      | Noticed McKennaii's ghost (amateur DgCj)
  2889 | D:4      | Found a staircase to the Ecumenical Temple.
  2984 | D:4      | Reached skill level 5 in Axes
  3346 | D:5      | Entered Level 5 of the Dungeon
  3346 | D:5      | Found an iron altar of Okawaru.
  3368 | D:5      | Found a glowing drain.
  3387 | D:5      | Reached XP level 7. HP: 64/64 MP: 7/7
  3389 | Sewer    | Entered a sewer
  3854 | D:4      | Noticed a yak
  3865 | D:5      | Killed a yak
  3866 | D:5      | Reached skill level 6 in Axes
  4013 | D:5      | Reached XP level 8. HP: 66/73 MP: 8/8
  4288 | D:5      | Found a hazy altar of Hepliaklqana.
  4595 | D:5      | Reached skill level 5 in Fighting
  4709 | D:5      | Reached skill level 7 in Axes
  5275 | D:6      | Found a hide-covered altar of Uskayaw.
  5320 | D:6      | Reached skill level 8 in Axes
  5320 | D:6      | Reached skill level 5 in Armour
  5320 | D:6      | Reached XP level 9. HP: 74/81 MP: 9/9
  6354 | D:7      | Reached skill level 9 in Axes
  6410 | D:7      | Found Dykaoto's Magic Scroll Shoppe.
  6452 | D:7      | Bought a scroll of identify for 32 gold pieces
  6452 | D:7      | Bought a scroll of butterflies for 64 gold pieces
  6452 | D:7      | Bought a scroll of identify for 32 gold pieces
  6452 | D:7      | Bought a scroll of teleportation for 48 gold pieces
  6799 | D:7      | Reached skill level 5 in Shields
  7260 | D:8      | Noticed a two-headed ogre
  7269 | D:8      | Killed a two-headed ogre
  7270 | D:8      | Reached skill level 10 in Axes
  7270 | D:8      | Reached XP level 10. HP: 55/92 MP: 10/10
  7534 | D:8      | Noticed Gastronok
  7555 | D:8      | Killed Gastronok
  7556 | D:8      | Reached skill level 11 in Axes
  8011 | D:9      | Found Duhup's Magic Scroll Boutique.
  8020 | D:9      | Bought a scroll of enchant armour for 82 gold pieces
  8020 | D:9      | Bought a scroll of teleportation for 33 gold pieces
  8020 | D:9      | Bought a scroll of teleportation for 33 gold pieces
  8021 | D:9      | Found Luupsoda's Assorted Antiques.
  8024 | D:9      | Bought 2 potions of might for 248 gold pieces
  8024 | D:9      | Bought a potion of lignification for 93 gold pieces
  8075 | D:9      | Found Zuiresac's Assorted Antiques.
  8084 | D:9      | Found a flagged portal.
  8094 | Bailey   | Entered a bailey
  8118 | Bailey   | Reached XP level 11. HP: 91/103 MP: 11/11
  8160 | Bailey   | Reached skill level 12 in Axes
  8160 | Bailey   | Noticed an orc knight
  8180 | Bailey   | Killed an orc knight
  8315 | Bailey   | Found a large runed translucent door.
  8315 | Bailey   | Found a large runed translucent door.
  8316 | Bailey   | Noticed a deep elf pyromancer
  8409 | Bailey   | Killed a deep elf pyromancer
  8417 | Bailey   | Identified the +2 robe of Somewhere Else {Str+3 Int+3
                  | Slay+2}
  8463 | Bailey   | Identified the +4 kite shield "Pusier" {Dex+2}
  8608 | D:9      | Found a shadowy altar of Dithmenos.
  8925 | D:9      | Found Iwunkom's Antique Armour Boutique.
  9009 | D:9      | Found a sacrificial altar of Ru.
  9148 | D:10     | Entered Level 10 of the Dungeon
  9561 | D:10     | Found a staircase to the Orcish Mines.
  9608 | D:10     | Reached skill level 13 in Axes
  9858 | D:10     | Noticed Amaemon
  9882 | D:10     | Killed Amaemon
 10130 | D:11     | Reached XP level 12. HP: 97/114 MP: 12/12
 10278 | D:11     | Noticed a two-headed ogre
 10287 | D:11     | Killed a two-headed ogre
 10288 | D:11     | Reached skill level 14 in Axes
 10684 | D:11     | Found a staircase to the Lair.
 11015 | Temple   | Entered the Ecumenical Temple
 11062 | Temple   | Became a worshipper of Cheibriados the Contemplative
 11302 | Lair:1   | Entered Level 1 of the Lair of Beasts
 11832 | Lair:1   | Noticed Erica
 11848 | Lair:1   | Killed Erica
 12115 | Lair:1   | Reached skill level 10 in Fighting
 12195 | Lair:2   | Reached * piety under Cheibriados
 12308 | Lair:2   | Found a staircase to the Shoals.
 12531 | D:9      | Bought a potion of heal wounds for 155 gold pieces
 12555 | D:9      | Bought a polished ring mail for 198 gold pieces
 12555 | D:9      | Identified the +5 ring mail of Parts Unknown {Rampage rN+
                  | Will- SInv} (You bought it in a shop on level 9 of the
                  | Dungeon)
 12700 | Lair:2   | Noticed a catoblepas
 12733 | Lair:2   | Reached skill level 15 in Axes
 12733 | Lair:2   | Killed a catoblepas
 12832 | Lair:2   | Gained mutation: You can use your snake-like lower body to
                  | constrict enemies. [Naga growth]
 12832 | Lair:2   | Reached XP level 13. HP: 121/124 MP: 13/13
 13050 | Lair:2   | Reached ** piety under Cheibriados
 13741 | Lair:3   | Reached *** piety under Cheibriados
 13785 | Lair:3   | Reached skill level 1 in Invocations
 13819 | Lair:3   | Identified the amulet of Vasojit {RegenMP rPois rC- Int-4
                  | Slay+5}
 13877 | Lair:3   | Reached skill level 16 in Axes
 14154 | Lair:3   | Found a staircase to the Snake Pit.
 14398 | Lair:4   | Noticed Snorg
 14409 | Lair:4   | Killed Snorg
 14522 | Lair:4   | Reached **** piety under Cheibriados
 14566 | Lair:4   | Found a staircase to the Slime Pits.
 14699 | Lair:4   | Found a dark tunnel.
 14709 | Volcano  | Entered a volcano
 14737 | Volcano  | Reached XP level 14. HP: 98/136 MP: 14/16
 14754 | Volcano  | Reached skill level 10 in Shields
 14931 | Volcano  | Found the +2 cloak of the Thief {*Fog Slay-2 SInv Stlth+}
 15577 | Lair:5   | Entered Level 5 of the Lair of Beasts
 15608 | Lair:5   | Reached ***** piety under Cheibriados
 15939 | Lair:5   | Noticed a dire elephant
 15956 | Lair:5   | Killed a dire elephant
 16017 | Lair:5   | Noticed Urug
 16030 | Lair:5   | Killed Urug
 16704 | D:12     | You fall into a shaft and drop 1 floor!
 16708 | D:13     | Found a transporter.
 16896 | D:13     | Noticed mys's ghost (journeyman GrEE)
 16988 | D:13     | Reached ****** piety under Cheibriados
 17099 | D:13     | Reached XP level 15. HP: 148/148 MP: 18/18
 17103 | D:13     | Reached skill level 5 in Invocations
 17271 | D:13     | Found a transporter.
 17315 | D:12     | Found a transporter.
 17347 | D:12     | Found a transporter.
 17577 | D:12     | Noticed Rupert
 17577 | D:12     | Paralysed by Rupert for 4 turns
 17585 | D:12     | Killed Rupert
 18098 | D:14     | Identified a scroll of acquirement
 18103 | D:14     | Acquired a manual of Fighting
 18332 | D:14     | Noticed Nessos
 18342 | D:14     | Killed Nessos
 18422 | D:14     | Found a shimmering altar of Xom.
 18422 | D:14     | Found a shimmering altar of Xom.
 18521 | D:14     | Found a shimmering altar of Xom.
 18522 | D:14     | Found a shimmering altar of Xom.
 18522 | D:14     | Found a shimmering altar of Xom.
 18522 | D:14     | Found a shimmering altar of Xom.
 18523 | D:14     | Found a shimmering altar of Xom.
 18523 | D:14     | Found a shimmering altar of Xom.
 18770 | D:14     | Found a gate to the Vaults.
 19375 | Snake:1  | Entered Level 1 of the Snake Pit
 19519 | Snake:1  | Reached skill level 10 in Armour
 19553 | Snake:1  | Found Kiywomusm's Book Shoppe.
 19670 | Snake:1  | Noticed Aizul
 19678 | Snake:1  | Killed Aizul
 19972 | Snake:1  | Found Buruph's Jewellery Shop.
 19975 | Snake:1  | Found Jixutzal's Book Emporium.
 19976 | Snake:1  | Found Dysch's Jewellery Shop.
 19986 | Snake:1  | Bought the ring of Joafips {rF+ rC+} for 507 gold pieces
 20247 | Snake:1  | You fall into a shaft and drop 1 floor!
 20270 | Snake:2  | Reached skill level 15 in Fighting
 20270 | Snake:2  | Reached XP level 16. HP: 146/163 MP: 20/20
 20388 | Snake:2  | Noticed a nagaraja
 20397 | Snake:2  | Killed a nagaraja
 21195 | Snake:2  | Identified the +8 quarterstaff "Ypote" {freeze, rPois rC+
                  | Will- Dex+3}
 21962 | Snake:3  | Noticed a nagaraja
 21968 | Snake:3  | Killed a nagaraja
 23290 | Snake:4  | Entered Level 4 of the Snake Pit
 23334 | Snake:4  | Found a frozen archway.
 23344 | IceCv    | Entered an ice cave
 24277 | IceCv    | Reached XP level 17. HP: 146/174 MP: 22/22
 24292 | IceCv    | Noticed an Ice Fiend
 24692 | Snake:4  | Noticed a quicksilver dragon
 24692 | Snake:4  | Noticed a quicksilver dragon
 24705 | Snake:4  | Killed a quicksilver dragon
 24713 | Snake:4  | Killed a quicksilver dragon
 24736 | Snake:4  | Got a serpentine rune of Zot
 25061 | Snake:4  | Reached skill level 15 in Shields
 25189 | Snake:4  | Found Pydghura's Distillery.
 25189 | Snake:4  | Found Doastry's Distillery.
 25200 | Snake:4  | Bought a potion of curing for 54 gold pieces
 25200 | Snake:4  | Bought a potion of berserk rage for 90 gold pieces
 25200 | Snake:4  | Bought a potion of curing for 54 gold pieces
 25200 | Snake:4  | Bought a potion of lignification for 54 gold pieces
 25200 | Snake:4  | Bought a potion of might for 72 gold pieces
 25200 | Snake:4  | Bought a potion of cancellation for 144 gold pieces
 25213 | Snake:4  | Bought a potion of heal wounds for 75 gold pieces
 25213 | Snake:4  | Bought a potion of curing for 45 gold pieces
 25800 | D:15     | Entered Level 15 of the Dungeon
 26124 | D:15     | Noticed Azrael
 26130 | D:15     | Killed Azrael
 26269 | D:15     | Found a shadowy altar of Dithmenos.
 26632 | D:15     | Found a staircase to the Depths.
 26899 | D:4      | Killed McKennaii's ghost
 27320 | Snake:4  | Bought a potion of berserk rage for 75 gold pieces
 27320 | Snake:4  | Bought a potion of might for 60 gold pieces
 27943 | D:12     | Identified the ring of the Princeling {Str+6 Dex+3}
 28139 | Orc:1    | Entered Level 1 of the Orcish Mines
 28270 | Orc:2    | Entered Level 2 of the Orcish Mines
 28284 | Orc:2    | Noticed Maurice
 28292 | Orc:2    | Reached XP level 18. HP: 152/189 MP: 24/24
 28297 | Orc:2    | Killed Maurice
 28365 | Orc:2    | Found a staircase to the Elven Halls.
 28568 | Orc:1    | Found Zimial's Antique Armour Shop.
 28689 | Orc:2    | Found a radiant altar of Vehumet.
 28701 | Orc:2    | Found Vuwkaull's Distillery.
 28708 | Orc:2    | Bought a potion of curing for 48 gold pieces
 28708 | Orc:2    | Bought a potion of curing for 48 gold pieces
 28708 | Orc:2    | Bought a potion of mutation for 128 gold pieces
 28708 | Orc:2    | Bought a potion of mutation for 128 gold pieces
 28708 | Orc:2    | Bought a potion of curing for 48 gold pieces
 28891 | Orc:2    | Found Fef Bimp's General Store.
 29054 | Orc:2    | Found Qonu's Magic Scroll Shoppe.
 29061 | Orc:2    | Bought 2 scrolls of enchant weapon for 195 gold pieces
 29061 | Orc:2    | Bought a scroll of teleportation for 39 gold pieces
 29061 | Orc:2    | Bought a scroll of teleportation for 39 gold pieces
 29061 | Orc:2    | Bought a scroll of teleportation for 39 gold pieces
 29061 | Orc:2    | Bought a scroll of enchant armour for 97 gold pieces
 29061 | Orc:2    | Bought a scroll of poison for 52 gold pieces
 29064 | Orc:2    | Found Agrempaf's Distillery.
 29066 | Orc:2    | Found Reowad's Magic Scroll Boutique.
 29072 | Orc:2    | Bought a potion of curing for 36 gold pieces
 29214 | Orc:2    | Found a shimmering blue altar of Sif Muna.
 29496 | Shoals:1 | Entered Level 1 of the Shoals
 30196 | Shoals:1 | Found Caick's Armour Shoppe.
 30518 | Shoals:2 | Identified the ring of the Firefly {Fly rF+ Str+5}
 31212 | Orc:2    | Bought 2 potions of curing for 72 gold pieces
 31212 | Orc:2    | Bought a potion of heal wounds for 60 gold pieces
 31574 | Shoals:3 | Found a runed translucent door.
 32105 | Shoals:3 | Found Arul's Assorted Antiques.
 33081 | Shoals:4 | Entered Level 4 of the Shoals
 33297 | Shoals:4 | Found a runed translucent door.
 33297 | Shoals:4 | Found a shimmering altar of Xom.
 33297 | Shoals:4 | Noticed Calamarain's ghost (adept MiFi)
 33306 | Shoals:4 | Noticed Ilsuiw
 33330 | Shoals:4 | Killed Ilsuiw
 33336 | Shoals:4 | Reached skill level 10 in Invocations
 33532 | Shoals:4 | Identified Roxanne's Elucidation of Erosion
 33532 | Shoals:4 | Noticed Roxanne
 33543 | Shoals:4 | Killed Roxanne
 33711 | Shoals:4 | Noticed Polyphemus
 33744 | Shoals:4 | HP: 9/192 [Polyphemus (27)]
 33751 | Shoals:4 | Killed Polyphemus
 33752 | Shoals:4 | Reached XP level 19. HP: 47/200 MP: 16/26
 34027 | Shoals:4 | Got a barnacled rune of Zot
 34537 | Shoals:3 | Bought a scroll of teleportation for 93 gold pieces
 34844 | Orc:2    | Bought a scroll of blinking for 120 gold pieces
 34844 | Orc:2    | Bought a scroll of fear for 64 gold pieces
 35022 | Vaults:1 | Entered Level 1 of the Vaults
 35514 | Vaults:1 | Found Mipa's General Store.
 35807 | Vaults:1 | Found a runed translucent gate.
 35807 | Vaults:1 | Found a runed translucent gate.
 35809 | Vaults:1 | Found a runed translucent gate.
 35809 | Vaults:1 | Noticed Tang's ghost (master DsGl)
 36634 | Vaults:2 | Reached XP level 20. HP: 196/211 MP: 28/28
 36646 | Vaults:2 | Found Vucodeor's Book Emporium.
 37131 | Vaults:2 | Reached skill level 1 in Dodging
 37793 | Vaults:3 | Reached skill level 17 in Axes
 37823 | Vaults:3 | Noticed Margery
 37906 | Vaults:2 | Killed Margery
 38285 | Vaults:3 | Noticed Sojobo
 38294 | Vaults:3 | Paralysed by an air elemental for 1 turns
 38305 | Vaults:3 | Paralysed by an air elemental for 1 turns
 38309 | Vaults:3 | Killed Sojobo
 38471 | Vaults:3 | Found a staircase to the Crypt.
 38506 | Vaults:3 | Reached skill level 5 in Dodging
 38516 | Vaults:3 | Reached XP level 21. HP: 219/219 MP: 29/29
 38610 | Vaults:3 | Found Reupup's General Store.
 38624 | Vaults:3 | Bought a potion of heal wounds for 65 gold pieces
 38624 | Vaults:3 | Bought a scroll of blinking for 97 gold pieces
 38692 | Vaults:3 | Reached skill level 18 in Axes
 39084 | Vaults:3 | Reached skill level 15 in Armour
 39410 | Vaults:3 | Bought a scroll of blinking for 97 gold pieces
 40474 | Vaults:4 | Identified the staff of conjuration "Leuz" {Dex+4}
 40474 | Vaults:4 | Noticed Boris
 40482 | Vaults:4 | Killed Boris
 41044 | Elf:1    | Entered Level 1 of the Elven Halls
 41151 | Elf:1    | Got the Dissertation on the Union
 41330 | Elf:1    | Paralysed by an air elemental for 1 turns
 41764 | Elf:1    | Found Omiusty's Armour Shoppe.
 42025 | Elf:2    | Paralysed by an air elemental for 1 turns
 42088 | Elf:2    | Paralysed by an air elemental for 1 turns
 42538 | Elf:2    | Found a runed translucent gate.
 42539 | Elf:2    | Found a runed translucent gate.
 42539 | Elf:2    | Found a runed translucent gate.
 42825 | Depths:1 | Entered Level 1 of the Depths
 42873 | Depths:1 | Reached skill level 19 in Axes
 42879 | Depths:1 | Gained mutation: Your spells are a little easier to cast,
                  | but a little less powerful. [mutagenic glow]
 42888 | Depths:1 | Gained mutation: You occasionally lose the ability to read
                  | scrolls when taking damage. [mutagenic glow]
 42926 | Depths:1 | Found a magical portal.
 42932 | WizLab   | Entered Maxwell's Workshop
 42984 | WizLab   | Reached XP level 22. HP: 170/228 MP: 30/30
 43247 | WizLab   | Identified the ring "Siffier" {Ice Dex+2}
 43250 | WizLab   | Identified the ring "Huogoac" {Ice *Corrode +Blink Will+
                  | Int+6}
 43382 | WizLab   | Identified the +1 leather armour of Colid {rF+}
 43489 | WizLab   | Identified the +2 leather armour "Vaxoj" {rElec rC+}
 43512 | WizLab   | Identified the ring "Xusi" {Fire rCorr Int+3}
 44194 | Depths:1 | Found a gateway to Hell.
 44334 | Depths:1 | Found a one-way gate to the infinite horrors of the Abyss.
 44912 | Depths:2 | Reached skill level 20 in Axes
 44916 | Depths:2 | Found a one-way gate leading to the halls of Pandemonium.
 44917 | Depths:2 | Lost mutation: You occasionally lose the ability to read
                  | scrolls when taking damage. [potion of mutation]
 44917 | Depths:2 | Lost mutation: Your spells are a little easier to cast, but
                  | a little less powerful. [potion of mutation]
 44917 | Depths:2 | Gained mutation: You passively map a small area around you.
                  | [potion of mutation]
 44917 | Depths:2 | Gained mutation: Potions are less effective at restoring
                  | your health. [potion of mutation]
 44917 | Depths:2 | Gained mutation: You expend magic power (3 MP) to
                  | strengthen your wands. [potion of mutation]
 44918 | Depths:2 | Lost mutation: You passively map a small area around you.
                  | [potion of mutation]
 44918 | Depths:2 | Lost mutation: You expend magic power (3 MP) to strengthen
                  | your wands. [potion of mutation]
 44918 | Depths:2 | Gained mutation: You are partially covered in iridescent
                  | scales. (AC +2) [potion of mutation]
 44919 | Depths:2 | Lost mutation: You are partially covered in iridescent
                  | scales. (AC +2) [potion of mutation]
 44919 | Depths:2 | Lost mutation: Potions are less effective at restoring your
                  | health. [potion of mutation]
 44919 | Depths:2 | Gained mutation: Your flesh is cold resistant. (rC+)
                  | [potion of mutation]
 44919 | Depths:2 | Gained mutation: Your tail ends in a venomous barb. [potion
                  | of mutation]
 44919 | Depths:2 | Lost mutation: Your flesh is cold resistant. (rC+) [potion
                  | of mutation]
 45708 | Depths:3 | Found a one-way gateway to a ziggurat.
 45832 | Depths:3 | Noticed Mara
 45847 | Depths:3 | Killed Mara
 45848 | Depths:3 | Reached XP level 23. HP: 236/236 MP: 31/31
 47042 | Depths:4 | Entered Level 4 of the Depths
 47553 | Depths:4 | Noticed a juggernaut
 47566 | Depths:4 | Killed a juggernaut
 47585 | Depths:4 | Identified the +0 chain mail of the Big Bang {rN+}
 47957 | Depths:4 | Found Zasiuhir's Elemental Accessories.
 48405 | Depths:4 | Found a gate to the Realm of Zot.
 48769 | Vaults:5 | Entered Level 5 of the Vaults
 48780 | Vaults:5 | Reached skill level 21 in Axes
 48780 | Vaults:5 | Reached skill level 10 in Dodging
 49144 | Vaults:5 | Noticed a dread lich
 49147 | Vaults:5 | Reached XP level 24. HP: 215/242 MP: 31/31
 49276 | Vaults:5 | Identified the amulet "Bueraej" {Reflect +Blink rPois Int+3
                  | SH+5}
 49276 | Vaults:5 | Noticed an ancient lich
 49282 | Vaults:4 | Killed a dread lich
 49316 | Vaults:5 | Noticed Boris
 49328 | Vaults:4 | Killed Boris
 49677 | Vaults:5 | Killed an ancient lich
 49784 | Vaults:5 | Got a silver rune of Zot
 49791 | Vaults:5 | Identified the +4 long sword of Doubt {heavy, Str-3 Dex+4}
 49817 | Vaults:5 | Identified the +1 mace of the Vanishing Visions {venom,
                  | rF+}
 49885 | Vaults:5 | Identified the +3 flail "Ufritah" {protect, *Noise rElec
                  | rPois Dex+5}
 50326 | Vaults:5 | Identified the staff of earth "Kuts" {rPois rN+}
 50365 | Vaults:5 | Reached skill level 22 in Axes
 50504 | Vaults:1 | Bought the macabre finger necklace {Finger+ rN+} for 760
                  | gold pieces
 50504 | Vaults:1 | Found the macabre finger necklace {Finger+ rN+}
 50874 | Vaults:5 | Identified the ring of Zawasmad {rPois rF+ Int-5 Dex+2}
 51017 | Vaults:5 | Identified the ring of Bifutz {*Slow rC+ rCorr Int+4}
 51135 | Vaults:5 | Identified the ring "Enoyf" {rElec rPois rC- rCorr Str+4}
 52012 | Elf:3    | Entered Level 3 of the Elven Halls
 52200 | Elf:3    | Paralysed by an air elemental for 1 turns
 52203 | Elf:3    | Paralysed by an air elemental for 1 turns
 52215 | Elf:3    | Identified the staff of poison "Ywecw" {rPois rF+ Will+
                  | Str-2 Dex+3}
 52472 | Elf:3    | Identified the +0 cloak of Recklessness {rF+ Str+4}
 52475 | Elf:3    | Got the Opusculum on Productive Transfiguration
 52565 | Elf:3    | Found a portal to a secret trove of treasure.
 53290 | Elf:3    | Identified the ring of Hafis {rCorr Str+5 Slay+4}
 53306 | Elf:3    | Identified the ring "Qoyvvops" {*Slow rElec Str+6 Dex+7}
 53314 | Elf:3    | Reached XP level 25. HP: 186/253 MP: 31/31
 53426 | Elf:3    | Identified the orb "Uvuurph" {*channel, rPois Int+2}
 53772 | Elf:3    | Paralysed by an air elemental for 1 turns
 53781 | Elf:3    | Paralysed by an air elemental for 1 turns
 53903 | Elf:3    | Identified the staff of cold "Moofiom" {rC+ Dex+3}
 53965 | Elf:3    | Reached skill level 23 in Axes
 54262 | Elf:3    | Got the Directory of Dynamic Arson
 54292 | Elf:3    | Identified the +0 short sword "Isisaes" {flame, Fragile
                  | rElec MP+9 Dex+3}
 54296 | Elf:3    | Identified the +9 shortbow of the Shark {heavy, rN++ Will+
                  | Str-3 Int+3}
 55458 | D:13     | Killed mys's ghost
 56028 | Shoals:3 | Acquired 752 gold pieces
 56032 | Shoals:3 | Acquired 1045 gold pieces
 56150 | Shoals:4 | Killed Calamarain's ghost
 56691 | Zot:1    | Entered Level 1 of the Realm of Zot
 57295 | Zot:1    | Reached skill level 24 in Axes
 57479 | Zot:1    | Found a transporter.
 57846 | Zot:1    | Found a transporter.
 57864 | Zot:1    | Found a transporter.
 57882 | Zot:1    | Noticed Parghit
 57890 | Zot:1    | Killed Parghit
 58136 | Zot:1    | Found a transporter.
 58262 | Zot:2    | Reached skill level 25 in Axes
 58882 | Zot:2    | Noticed an orb of fire
 59366 | Elf:3    | You paid a toll of +2 gold dragon scales to enter a
                  | treasure trove
 59367 | Trove    | Entered a treasure trove
 59370 | Trove    | Found the amulet of Vitality {RegenMP++ Regen++}
 59370 | Trove    | Found the dreamshard necklace {*Dream Drain}
 59382 | Trove    | Identified the amulet of the Philosopher {Reflect rElec
                  | rF+++ Int-5 Slay+4 SH+5}
 59389 | Trove    | Identified the amulet "Sagaf" {RegenMP rPois rN+}
 59391 | Trove    | Identified the amulet of Zin's Supremacy {Reflect Fly Str+2
                  | SH+5}
 59393 | Trove    | Identified the ring "Cibb" {Will+ Str+2}
 59395 | Trove    | Identified the amulet of Gyujojuu {RegenMP Rampage Fly
                  | Stlth+}
 59401 | Trove    | Identified the amulet "Qyfout" {Spirit +Inv rCorr Dex-3}
 59403 | Trove    | Identified the ring of Vehumet's Approval {Contam rPois rC+
                  | Will+ SInv}
 60026 | Zot:2    | Gained mutation: You are vulnerable to cold. (rC-) [an orb
                  | of fire]
 60042 | Zot:2    | Killed an orb of fire
 60043 | Zot:2    | Reached XP level 26. HP: 218/261 MP: 32/32
 60613 | Zot:3    | Identified the +2 scale mail of the Knaves {rF+ Str+2
                  | Slay+3}
 60710 | Zot:3    | Noticed an orb of fire
 60719 | Zot:3    | Killed an orb of fire
 61329 | Zot:3    | Noticed Grunn
 61332 | Zot:3    | Reached skill level 26 in Axes
 61337 | Zot:3    | Killed Grunn
 61832 | Zot:4    | Found the +4 dragonskin cloak
 61832 | Zot:4    | Noticed Tiamat
 62310 | Zot:4    | Killed Tiamat
 62936 | Zot:4    | Upgraded the game from 0.30.1 to 0.30.1-1-g62c8e00024
 63256 | Zot:5    | Entered Level 5 of the Realm of Zot
 63431 | Zot:5    | Noticed an orb of fire
 63440 | Zot:5    | Killed an orb of fire
 63940 | Zot:5    | Reached skill level 15 in Invocations
 63944 | Zot:5    | Reached skill level 27 in Axes
 64829 | Zot:5    | Noticed a dread lich
 64829 | Zot:5    | Noticed a dread lich
 64836 | Zot:5    | Killed a dread lich
 64850 | Zot:5    | Killed a dread lich
 64851 | Zot:5    | Reached XP level 27. HP: 268/268 MP: 35/35
 64944 | Zot:5    | Gained mutation: Your spells are a little easier to cast,
                  | but a little less powerful. [mutagenic glow]
 64959 | Zot:5    | Gained mutation: You occasionally shout uncontrollably at
                  | your foes. [mutagenic glow]
 64960 | Zot:5    | Noticed an orb of fire
 64965 | Zot:5    | Gained mutation: Your spells are easier to cast, but less
                  | powerful. [an orb of fire]
 64967 | Zot:5    | Gained mutation: You are weak. (Str -2) [an orb of fire]
 64973 | Zot:5    | Gained mutation: You have hidden genetic defects. [an orb
                  | of fire]
 64974 | Zot:5    | Lost mutation: You have hidden genetic defects. [potion of
                  | mutation]
 64974 | Zot:5    | Lost mutation: You occasionally shout uncontrollably at
                  | your foes. [potion of mutation]
 64974 | Zot:5    | Lost mutation: You are weak. (Str -2) [potion of mutation]
 64974 | Zot:5    | Gained mutation: You possess an exceptional clarity of
                  | mind. [potion of mutation]
 64990 | Zot:5    | Killed an orb of fire
 66296 | Zot:5    | a Killer Klown changed into a juggernaut
 66296 | Zot:5    | Noticed a juggernaut
 66308 | Zot:5    | Killed a juggernaut
 66361 | Zot:5    | Noticed an orb of fire
 66363 | Zot:5    | Gained mutation: You are frail. (-10% HP) [an orb of fire]
 66365 | Zot:5    | Gained mutation: You can exhale a cloud of poison. [an orb
                  | of fire]
 66370 | Zot:5    | Killed an orb of fire
 66372 | Zot:5    | Lost mutation: Your spells are easier to cast, but less
                  | powerful. [potion of mutation]
 66372 | Zot:5    | Lost mutation: You are frail. (-10% HP) [potion of
                  | mutation]
 66372 | Zot:5    | Gained mutation: Your flesh is heat resistant. (rF+)
                  | [potion of mutation]
 66372 | Zot:5    | Gained mutation: You are partially covered in iridescent
                  | scales. (AC +2) [potion of mutation]
 66483 | Zot:5    | Noticed an orb of fire
 66484 | Zot:5    | Noticed an orb of fire
 66484 | Zot:5    | Noticed an orb of fire
 66484 | Zot:5    | Gained mutation: You are occasionally teleported next to
                  | monsters. [an orb of fire]
 66488 | Zot:5    | Gained mutation: You occasionally lose the ability to read
                  | scrolls when taking damage. [an orb of fire]
 66490 | Zot:5    | Killed an orb of fire
 66491 | Zot:5    | Gained mutation: Your body sometimes deteriorates upon
                  | taking damage. [an orb of fire]
 66494 | Zot:5    | Gained mutation: You are agile. (Dex +4, Str/Int -1) [an
                  | orb of fire]
 66497 | Zot:5    | Killed an orb of fire
 66497 | Zot:5    | Killed an orb of fire
 66498 | Zot:5    | Lost mutation: You are vulnerable to cold. (rC-) [potion of
                  | mutation]
 66498 | Zot:5    | Lost mutation: You possess an exceptional clarity of mind.
                  | [potion of mutation]
 66498 | Zot:5    | Lost mutation: You are agile. (Dex +4, Str/Int -1) [potion
                  | of mutation]
 66498 | Zot:5    | Gained mutation: Your mind is acute. (Int +4, Str/Dex -1)
                  | [potion of mutation]
 66498 | Zot:5    | Gained mutation: You are vulnerable to cold. (rC-) [potion
                  | of mutation]
 66499 | Zot:5    | Lost mutation: Your mind is acute. (Int +4, Str/Dex -1)
                  | [potion of mutation]
 66499 | Zot:5    | Lost mutation: Your tail ends in a venomous barb. [potion
                  | of mutation]
 66499 | Zot:5    | Lost mutation: Your body sometimes deteriorates upon taking
                  | damage. [potion of mutation]
 66499 | Zot:5    | Gained mutation: Your flesh is very heat resistant. (rF++)
                  | [potion of mutation]
 66499 | Zot:5    | Gained mutation: You have a pair of small antennae on your
                  | head. [potion of mutation]
 66501 | Zot:5    | Lost mutation: You can exhale a cloud of poison. [potion of
                  | mutation]
 66501 | Zot:5    | Lost mutation: You occasionally lose the ability to read
                  | scrolls when taking damage. [potion of mutation]
 66501 | Zot:5    | Gained mutation: Your muscles are strong. (Str +4, Int/Dex
                  | -1) [potion of mutation]
 66501 | Zot:5    | Lost mutation: Your spells are a little easier to cast, but
                  | a little less powerful. [potion of mutation]
 66501 | Zot:5    | Gained mutation: You expend magic power (3 MP) to
                  | strengthen your wands. [potion of mutation]
 66790 | Zot:5    | Got the Orb of Zot
 66913 | Zot:2    | Noticed Boris
 66923 | Zot:2    | Killed Boris
 67450 | D:2      | Noticed Liublash the pandemonium lord
 67766 | D:1      | Gained mutation: You sometimes lose your temper in combat.
                  | [a cacodemon]
 67779 | D:1      | Lost mutation: You are occasionally teleported next to
                  | monsters. [potion of mutation]
 67779 | D:1      | Lost mutation: You have a pair of small antennae on your
                  | head. [potion of mutation]
 67779 | D:1      | Lost mutation: Your muscles are strong. (Str +4, Int/Dex
                  | -1) [potion of mutation]
 67878 | D:$      | Escaped with the Orb!

Illustrated notes

Levels and vault maps discovered:
D:1:      dpeg_arrival_arbitrary_a, layout_basic,
          chequers_ecumenical_altar_island, chequers_serial_rivers_large_a,
          dreamdust_princess_corridor, minmay_vboxes
D:2:      layout_basic
D:3:      layout_basic, serial_bayou_pond_c, minivault_14
D:4:      layout_cave_pools, nicolae_overflow_squiral, temple_hall,
          hellmonk_ghost_happy_afterlife, nzn_random_ring
D:5:      minmay_octagon_keep, layout_gridville,
          mainiacjoe_overflow_surrounded_room, mainiacjoe_overflow_boulevard,
          gup_sewer_entry_pipe
D:6:      layout_loops_cross, nicolae_uskayaw_dance_hall,
          minmay_misc_feat_four_crosses, kennysheep_opposing_triangles
D:7:      layout_loops_corners, serial_shops, nicolae_shop_peninsula,
          serial_glass, glass_columns_a, glass_columns_a, due_unseen_surprise,
          minmay_strange_pillars, minmay_strange_pillars
D:8:      layout_rooms, uniq_gastronok
D:9:      layout_loops_ring, nicolae_ru_path_of_blood, old_standard_altar,
          serial_shops, shop, shop, nicolae_shop_behind_doors, shop,
          enter_bailey_2
D:10:     layout_basic, david_orc_4, uniq_amaemon
D:11:     layout_cave_pools, erik_lair_dragon
D:12:     gammafunk_wand_slinger, layout_long_grid, uniq_rupert
D:13:     layout_roguey, special_room [special_room_bee],
          gammafunk_ghost_mausoleum, drop_trap, evilmike_butchery
D:14:     layout_basic, david_vaults_1, xom_redecorated,
          kennysheep_generic_room_11, uniq_nessos
D:15:     grunt_enter_depths_hoard, layout_loops_ring,
          nicolae_dithmenos_shadow_blocks, uniq_azrael
Temple:   eino_wide_crystal_templ
Lair:1:   layout_layer_cave, lemuel_fruit_tree, uniq_erica
Lair:2:   layout_roguey, minmay_shoals_entry_lonely_mermaid, minivault_24
Lair:3:   nzn_winding_woodlands_stair_trap [nzn_winding_woodlands_5x15_sawtooth,
          nzn_winding_woodlands_5x15_default,
          nzn_winding_woodlands_5x15_pockets,
          nzn_winding_woodlands_15x15_five_gardens,
          nzn_winding_woodlands_5x15_concentric,
          nzn_winding_woodlands_5x15_default, nzn_winding_woodlands_5x15_twine],
          layout_misc_corridors, nicolae_snake_entry_squirm,
          chequers_serial_rivers_micro_b
Lair:4:   layout_loops_ring, slime_entry_1, nicolae_volcano_entry_batcave,
          chequers_serial_rivers_micro_d, uniq_snorg
Lair:5:   grunt_lair_end_beastmaster, layout_small_grid,
          infiniplex_staircase_pool, uniq_urug
Shoals:1: layout_shoals, serial_shops, shop
Shoals:2: layout_shoals
Shoals:3: nicolae_shoals_offshore_bank_account, layout_shoals, serial_shops,
          nicolae_shop_tiny_waterfront, nicolae_shoals_lost_giant_pillars
Shoals:4: shoals_end_hangedman, layout_shoals, shoal_ilsuiw, ebering_ghost_xom,
          uniq_polyphemus, uniq_roxanne
Snake:1:  layout_layer_cave, serial_shops, nicolae_shop_pleasant_corner_grove,
          minmay_shop_grove, grunt_megastairs_2, uniq_aizul
Snake:2:  layout_gridlike, nicolae_snake_slithery_corners, drop_trap,
          st_stairs_13, hangedman_snake_corridor_split
Snake:3:  layout_layer_cave, serial_bayou_lake_a
Snake:4:  hellmonk_snake_rune_quicksilver_temple, layout_onion,
          portal_ice_cave_entry_pillars_four, minmay_shoptagon
Orc:1:    layout_caves, serial_shops, nicolae_shop_crystal, minmay_orc_temple_a
Orc:2:    st_orc_elflike, layout_caves, basic_altar, serial_shops, shop,
          kennysheep_orc_sif_temple, uniq_maurice
Elf:1:    layout_onion_city, serial_shops, shop, minmay_elf_demonology,
          minmay_misc_feat_pillars
Elf:2:    nicolae_elf_blades_crystal_corner, layout_onion_city
Elf:3:    elf_hall, layout_gridlike, nicolae_trove_entry_path_of_doom,
          minmay_the_grid_square_5x5_3x3_mashed
          [minmay_the_grid_square_5x5_seven, minmay_the_grid_square_5x5_inner_i,
          minmay_the_grid_square_5x5_sharp_hourglass,
          minmay_the_grid_square_5x5_doubleslash,
          minmay_the_grid_square_5x5_megaprize_diamond,
          minmay_the_grid_square_5x5_three_walls,
          minmay_the_grid_square_5x5_almost_minimal,
          minmay_the_grid_square_5x5_hollow_slash,
          minmay_the_grid_square_5x5_beaten_path]
Vaults:1: gammafunk_ghost_spectres, v_misc_18, nicolae_vaults_circle_grid_b,
          nicolae_vaults_offset_grid_hallway_3, nicolae_vaults_back_hallway,
          nicolae_vaults_diamond_1, nicolae_vaults_little_squares_2,
          nicolae_vaults_apartment_1, nicolae_vaults_closet_pinwheel_5,
          layout_vaults_omnicross, serial_shops, shop_statue
Vaults:2: st_cells, vaults_dpeg_ring, nicolae_vaults_tetromino_T_2,
          vaults_standard_mumra_enter_the_diamond,
          nicolae_vaults_oval_intersection, vaults_room_door_hall,
          nicolae_vaults_apartment_2, nicolae_vaults_wine_cellar,
          vaults_dpeg_hooks, layout_vaults_quadrants, serial_shops,
          nicolae_shop_waterfront
Vaults:3: minmay_crypt_entry_simple_statues, grunt_vaults_funnel,
          nicolae_vaults_turnstiles, grunt_vaults_bifocal, v_alt_pattern_5,
          v_pattern_4, nicolae_vaults_tangram_1,
          nicolae_vaults_storage_closets_2, nicolae_vaults_double_plus_1,
          nicolae_vaults_circle_grid_a, grunt_vaults_focal, vaults_room_grid,
          nicolae_vaults_steering_wheel, hangedman_vaults_impose,
          layout_vaults_omnibox, serial_shops, nicolae_square_shop, uniq_sojobo,
          uniq_margery
Vaults:4: nicolae_vaults_closet_pinwheel_1, vaults_dpeg_encased_lava,
          nicolae_vaults_little_squares_4, nicolae_vaults_shrinking_rooms_2,
          hangedman_vaults_hat, nicolae_vaults_tetromino_L_1,
          nicolae_vaults_storage_closets_3, nicolae_vaults_apartment_1,
          nicolae_vaults_rhombus_6, v_misc_15, vaults_room_corners,
          layout_vaults_chaotic_city, uniq_boris
Vaults:5
Depths:1: layout_honeycomb, mu_enter_wizlab_7, hangedman_abyss_or_decor_stagger,
          hangedman_abyss_entry_splay, grunt_hell_entry_dis_grunt
Depths:2: nicolae_moon_pools, layout_gridlike, hell_entry, serial_sigils,
          serial_sigils_hangedman_confine, serial_sigils_hangedman_scratch,
          serial_sigils_hangedman_shear, serial_sigils_hangedman_snap,
          serial_sigils_hangedman_stare, rand_demon_pan_entry_3,
          infiniplex_staircase_zigzag_3
Depths:3: kennysheep_ogre_elephant_herders, layout_honeycomb, enter_ziggurat_e,
          hellmouth_1, serial_bayou, serial_bayou_pond_d, serial_bayou_lagoon_b,
          serial_bayou_pond_e, serial_bayou_pond_d, serial_bayou_shore_a,
          serial_bayou_lagoon_a, abyss_entry_crystal, serial_bayou_shore_b,
          uniq_mara
Depths:4: grunt_bruiser_brothers, layout_gridlike, nicolae_titane,
          lightli_too_deep, nicolae_elemental_shop
Zot:1:    layout_cellular_growth, nicolae_transporter_intersection, uniq_parghit
Zot:2:    layout_concentric_octagons
Zot:3:    layout_basic, uniq_grunn
Zot:4:    layout_onion_interference, grunt_megastairs_4, uniq_tiamat
Zot:5:    layout_gridlike, bh_zot_ikea_curve, guppyfry_library_mini

Skill      XL: |  1  2  3  4  5  6  7  8  9 10 11 12 13 14 15 16 17 18 19 20 21 22 23 24 25 26 27 |
---------------+----------------------------------------------------------------------------------+-----
Shields        | 3 4 5 6 8 9 11 13 14 15 16 17 | 17.9
Axes           | 3 4 5 6 8 10 11 13 15 16 17 19 20 21 22 25 27 | 27.0
Armour         | 3 4 5 6 7 8 9 10 11 12 13 14 15 17 18 20 21 | 21.1
Fighting       | 4 5 6 7 9 10 11 13 15 16 18 19 20 21 | 21.5
Invocations    | 2 4 6 7 9 10 11 13 16 19 | 19.4
Dodging        | 5 7 9 10 11 12 | 12.3

Action                     |  1- 3 |  4- 6 |  7- 9 | 10-12 | 13-15 | 16-18 | 19-21 | 22-24 | 25-27 || total
---------------------------+-------+-------+-------+-------+-------+-------+-------+-------+-------++-------
  Melee: War axe           |    91 |   194 |   399 |   629 |   653 |  1120 |   997 |  1172 |   146 ||  5401
         Constrict         |       |       |       |       |   140 |   282 |   223 |   207 |   197 ||  1049
         Broad axe         |       |       |       |       |       |       |       |       |  1083 ||  1083
 Invoke: Slouch            |       |       |       |       |     4 |    11 |     3 |     8 |    15 ||    41
         Step From Time    |       |       |       |       |       |       |     1 |       |     1 ||     2
Ability: Spit Poison       |    15 |    19 |    50 |     8 |     1 |     3 |       |       |       ||    96
  Evoke: Wand              |       |       |       |     1 |     1 |     8 |       |       |     3 ||    13
    Use: Scroll            |       |     3 |     9 |    18 |    11 |    13 |     3 |     2 |    18 ||    77
         Potion            |       |     1 |     4 |     5 |     6 |     5 |     5 |     4 |    28 ||    58
   Stab: Petrifying        |       |       |       |     1 |       |       |       |       |       ||     1
         Distracted        |       |       |       |       |     1 |     1 |     1 |     2 |       ||     5
         Petrified         |       |       |       |       |     4 |       |       |       |       ||     4
         Held in net/web   |       |       |       |       |       |     1 |     1 |       |       ||     2
 Armour: Scale mail        |    51 |    70 |   124 |       |       |       |       |       |       ||   245
         Steam dragon scal |       |       |    61 |    95 |       |       |       |       |       ||   156
         Leather armour    |       |       |       |   168 |    85 |       |       |       |       ||   253
         Chain mail        |       |       |       |       |   193 |   153 |       |       |       ||   346
         Ice dragon scales |       |       |       |       |       |   681 |   560 |    23 |       ||  1264
         Plate armour      |       |       |       |       |       |       |       |   687 |   856 ||  1543
  Dodge: Dodged            |    49 |   130 |   287 |   321 |   235 |   252 |   247 |   422 |   560 ||  2503
  Block: Buckler           |    32 |    55 |   105 |    54 |       |       |       |       |       ||   246
         Kite shield       |       |       |       |   318 |   592 |  1043 |   949 |  1097 |  1326 ||  5325
         Reflection        |       |       |       |       |       |    96 |    91 |    52 |    26 ||   265
